AoeStats
← Sir ReideN x

Arabia

509538746Analyzed
2v2 RM · 4d ago on Sep 27, 2026· 46m 12s· 4 players
Game mode
Random Map
Map size
Medium (4 player)
Population
200
Speed
Normal
Resources
Standard
Victory
Conquest
Starting age
Dark Age
Ending age
Imperial Age
RankedLock teamsTeams togetherTeam positionsShared explorationLock speedFull tech treeHidden civsTurbo modeCheats
Victory
Defeat
🇲🇽 Muisca · Mexico
857
+13
🇲🇽 Slavs · Mexico
809
+14
🇲🇽 Portuguese · Mexico
805
-15
🇵🇦 Aztecs · Panama
751
-12
GenaroCazador
12:18 Feudal Age
18:07 Castle Age
23:33 Horse Collar
26:00 Double-Bit Axe
25:51 Man-at-Arms
26:25 Man-at-Arms
30:30 Crossbowman
Elcaifascefas
2:55 Loom
11:36 Feudal Age
16:24 Forging
16:15 Scale Mail Armor
18:37 Double-Bit Axe
23:24 Castle Age
21:24 Fletching
25:02 Chain Mail Armor
25:23 Iron Casting
41:49 Imperial Age
42:10 Elite Skirmisher
42:55 Atlatl
43:43 Padded Archer Armor
emmatepozt
11:01 Feudal Age
11:28 Double-Bit Axe
12:21 Wheelbarrow
12:54 Horse Collar
17:29 Bloodlines
25:10 Castle Age
22:59 Man-at-Arms
26:06 Heavy Plow
28:22 Forging
29:01 Hand Cart
Sir ReideN x
0:49 Loom
10:09 Feudal Age
10:37 Double-Bit Axe
10:40 Horse Collar
15:32 Champi Runner
16:29 Scale Mail Armor
16:39 Forging
19:06 Wheelbarrow
22:02 Castle Age
21:17 Stone Mining
21:22 Gold Mining
22:03 Fletching
23:20 Squires
22:43 Champi Warrior
24:01 Iron Casting
23:42 Chain Mail Armor
24:59 Hand Cart
26:46 Town Watch
27:34 Bow Saw
29:18 Herbalism
32:06 Gold Shaft Mining
34:37 Padded Archer Armor
34:32 Bodkin Arrow
35:57 Ballistics
37:17 Leather Archer Armor
41:06 Imperial Age
39:01 Thumb Ring
41:44 Murder Holes
42:53 Huaracas
43:10 Conscription
42:56 Bracer
Connection lost

Rejoining the realm…

Still unreachable

The connection could not be restored.

Session expired

The server has moved on; the page needs a fresh start.